AoeStats
← Big Stysiu

Arabian Desert

509308160Analyzed
1v1 RM · 5d ago on Sep 26, 2026· 68m 58s· 2 players
Game mode
Random Map
Map size
Tiny (2 player)
Population
200
Speed
Normal
Resources
Standard
Victory
Conquest
Starting age
Dark Age
Ending age
Imperial Age
RankedLock teamsTeams togetherTeam positionsShared explorationLock speedFull tech treeHidden civsTurbo modeCheats
Victory
Defeat
🇳🇱 Danes · Netherlands
1074
+15
🇵🇱 Koreans · Poland
1057
-15
Big Stysiu
0:28 Loom
10:51 Feudal Age
11:23 Double-Bit Axe
23:27 Castle Age
22:14 Town Watch
22:17 Horse Collar
23:25 Fletching
38:28 Imperial Age
46:17 Wheelbarrow
56:30 Bodkin Arrow
64:22 Forging
WakyWavy
6:52 Loom
10:21 Feudal Age
11:30 Man-at-Arms
13:12 Arson
13:45 Horse Collar
21:35 Castle Age
20:54 Forging
20:37 Fletching
22:21 Gold Mining
24:05 Squires
24:08 Stone Mining
26:34 Squires
26:20 Gambesons
27:32 Scale Barding Armor
27:39 Forging
27:30 Scale Mail Armor
27:00 Elite Skirmisher
29:10 Hamask
29:52 Double-Bit Axe
33:00 Bow Saw
35:16 Ballistics
35:52 Chain Mail Armor
36:59 Iron Casting
38:39 Bodkin Arrow
42:43 Imperial Age
42:27 Padded Archer Armor
43:10 Wheelbarrow
44:00 Capped Ram
44:13 Elite Varangian Guard
48:32 Elite Varangian Guard
51:27 Blast Furnace
50:58 Plate Mail Armor
56:09 Hand Cart
61:50 Siege Ram
Connection lost

Rejoining the realm…

Still unreachable

The connection could not be restored.

Session expired

The server has moved on; the page needs a fresh start.